AoeStats
← ska_18

Arena

506849856Analyzed
3v3 RM · 16d ago on Sep 15, 2026· 46m 29s· 6 players
Game mode
Random Map
Map size
Normal (6 player)
Population
200
Speed
Normal
Resources
Standard
Victory
Conquest
Starting age
Dark Age
Ending age
Imperial Age
RankedLock teamsTeams togetherTeam positionsShared explorationLock speedFull tech treeHidden civsTurbo modeCheats
Victory
Defeat
🇨🇳 Bulgarians · China
917
+15
🇨🇳 Britons · China
917
+15
🇨🇳 Bengalis · China
876
+17
🇦🇹 Saracens · Austria
922
-17
🇧🇪 Spanish · Belgium
885
-15
🇩🇪 Franks · Germany
871
-15
世锦赛冠军
9:54 Feudal Age
10:21 Double-Bit Axe
18:29 Castle Age
18:55 Forging
18:52 Scale Barding Armor
20:53 Horse Collar
21:26 Bow Saw
23:05 Wheelbarrow
30:25 Imperial Age
29:02 Gold Mining
29:04 Stone Mining
31:11 Elite Konnik
32:12 Conscription
31:56 Scale Mail Armor
32:32 Iron Casting
32:29 Chain Barding Armor
32:45 Stirrups
32:52 Husbandry
33:06 Bloodlines
32:27 Light Cavalry
34:01 Squires
35:01 Gold Shaft Mining
34:41 Heavy Plow
35:03 Hand Cart
36:18 Chain Mail Armor
36:38 Plate Barding Armor
37:04 Blast Furnace
36:54 Hussar
40:59 Pikeman
41:26 Gambesons
43:32 Plate Mail Armor
小肉肉ovo
10:20 Feudal Age
12:31 Double-Bit Axe
12:28 Horse Collar
12:53 Double-Bit Axe
16:37 Castle Age
14:45 Horse Collar
20:47 Stone Mining
20:50 Gold Mining
21:13 Bow Saw
24:47 Heavy Plow
27:22 Wheelbarrow
31:33 Imperial Age
29:47 Scale Barding Armor
29:53 Forging
29:36 Fletching
29:49 Padded Archer Armor
31:05 Gold Shaft Mining
31:19 Caravan
31:45 Siege Elephant
32:20 Town Watch
32:20 Loom
34:14 Hand Cart
34:00 Town Patrol
34:36 Paiks
34:41 Elite Battle Elephant
35:54 Elite Elephant Archer
37:00 Elite Ratha (Ranged)
38:56 Redemption
38:47 Atonement
38:57 Fervor
42:01 Mahayana
42:45 Bodkin Arrow
43:06 Leather Archer Armor
43:26 Iron Casting
43:12 Chain Barding Armor
42:53 Scale Mail Armor
44:05 Two-Man Saw
43:37 Ballistics
43:33 Masonry
43:26 Bracer
44:18 Fortified Wall
43:50 Treadmill Crane
44:00 Heated Shot
44:56 Conscription
种菜农夫
5:22 Loom
11:47 Feudal Age
17:51 Castle Age
16:05 Horse Collar
17:09 Stone Mining
17:06 Double-Bit Axe
26:55 Gold Mining
29:26 Fletching
29:36 Padded Archer Armor
32:09 Imperial Age
30:23 Wheelbarrow
29:54 Crossbowman
30:33 Bodkin Arrow
30:53 Leather Archer Armor
31:29 Gold Shaft Mining
30:59 Heavy Plow
31:21 Squires
30:44 Pikeman
33:00 Hand Cart
32:48 Treadmill Crane
33:28 Ballistics
34:10 Chemistry
34:01 Bow Saw
34:31 Conscription
34:16 Bracer
34:31 Leather Archer Armor
34:14 Halberdier
36:02 Warwolf
37:07 Leather Archer Armor
37:03 Forging
36:53 Scale Mail Armor
36:53 Murder Holes
37:52 Caravan
38:22 Coinage
38:02 Guilds
37:50 Elite Longbowman
39:02 Yeomen
39:22 Iron Casting
39:02 Chain Mail Armor
39:46 Arbalester
41:01 Ring Archer Armor
41:32 Blast Furnace
40:47 Chain Mail Armor
42:14 Banking
43:04 Siege Engineers
43:12 Masonry
46:16 Hoardings
zauberkugel112
0:27 Loom
10:53 Feudal Age
12:37 Wheelbarrow
11:58 Double-Bit Axe
20:08 Castle Age
21:26 Hand Cart
22:04 Squires
21:46 Pikeman
22:59 Gold Mining
23:22 Bow Saw
23:36 Husbandry
24:40 Stone Mining
25:30 Gold Shaft Mining
26:36 Scale Mail Armor
34:26 Imperial Age
31:42 Town Watch
33:11 Arson
34:00 #83
33:58 Chain Mail Armor
33:54 Forging
33:49 Scale Barding Armor
35:09 Murder Holes
35:32 Halberdier
36:49 Iron Casting
36:35 Fortified Wall
36:56 Caravan
38:11 Chemistry
38:49 Conscription
39:44 Plate Mail Armor
40:14 Blast Furnace
40:06 Chain Barding Armor
39:09 Cavalier
39:10 Light Cavalry
41:41 Onager
ska_18
0:58 Loom
13:27 Feudal Age
15:40 Double-Bit Axe
15:36 Horse Collar
18:18 Castle Age
20:20 Bow Saw
20:46 Wheelbarrow
19:56 Town Watch
23:03 Gold Mining
23:04 Stone Mining
24:44 Hand Cart
27:07 Forging
26:48 Fletching
27:28 Scale Barding Armor
33:05 Imperial Age
32:14 Iron Casting
31:59 Chain Barding Armor
35:10 Chemistry
34:06 Murder Holes
34:34 Conscription
35:03 Gold Shaft Mining
34:47 Heavy Plow
36:19 Plate Barding Armor
35:46 Treadmill Crane
37:47 Blast Furnace
36:43 Bodkin Arrow
37:43 Masonry
37:33 Bodkin Arrow
37:23 Elite Mameluke
38:34 Fortified Wall
38:59 Town Patrol
39:35 Bracer
41:10 Hoardings
40:45 Bimaristan
42:23 Fervor
42:34 Sanctity
42:31 Caravan
43:01 Coinage
43:33 Two-Man Saw
Gokui
0:53 Loom
11:06 Feudal Age
22:12 Castle Age
20:06 Horse Collar
21:32 Double-Bit Axe
21:58 Stone Mining
25:02 Gold Mining
26:23 Husbandry
26:36 Bloodlines
35:00 Imperial Age
33:43 Stone Shaft Mining
34:08 Heavy Plow
35:54 Wheelbarrow
35:30 Town Watch
36:01 Cavalier
37:35 Conscription
39:56 Bow Saw
40:03 Hand Cart
41:41 Two-Man Saw
41:19 Scale Barding Armor
41:25 Forging
41:56 Town Patrol
Connection lost

Rejoining the realm…

Still unreachable

The connection could not be restored.

Session expired

The server has moved on; the page needs a fresh start.